 Dungeon Crawl Stone Soup version 0.30-a0-672-gc3a7216ad8 (webtiles) character file.

Game seed: 12238206041201545464

476332 wormed the Ninja (level 26, -40/268 HPs)
             Began as a Kobold Delver on Jan 18, 2023.
             Was a Believer of Uskayaw.
             Annihilated by an azure jelly (66 damage)
             ... on level 5 of the Pits of Slime.
             The game lasted 02:03:59 (52538 turns).

wormed the Ninja (Kobold Delver)                   Turns: 52538, Time: 02:04:00

Health: -40/268    AC: 10    Str: 15    XL:     26   Next: 2%
Magic:  3/37       EV: 42    Int:  9    God:    Uskayaw [**....]
Gold:   6685       SH: 22    Dex: 31    Spells: 25/25 levels left

rFire   . . .      SeeInvis +    O - +6 rapier (distort)
rCold   x . .      Faith    +    X - +5 kite shield {reflect}
rNeg    + + +      Spirit   .    S - +1 leather armour of Terror {rN+ Will+ Regen+ Int-2 Dex+4}
rPois   .          Reflect  +    u - +2 helmet of Crawling {rF- rN+ Regen+}
rElec   .          Harm     .    E - +2 cloak {Stlth+}
rCorr   +          Rampage  .    i - +0 pair of gloves of Supple Strength {rN+ Will+ Slay+3}
Will    ++++.                    h - +2 pair of boots {Fly} Stlth
                                 Y - amulet of faith
HPRegen 2.24/turn                Q - ring of see invisible
MPRegen 0.25/turn                W - ring of Conimn {Fire Will+ rCorr Str+4}

@: berserking, engulfed (cannot breathe), corroded, flying, studying Axes,
invisible, very quick
A: small, no large weapons, nightstalker 3, subdued magic 1
}: 2/15 runes: barnacled, gossamer
a: Renounce Religion, Stomp, Line Pass


You were on level 5 of the Pits of Slime.
You worshipped Uskayaw.
Uskayaw was greatly pleased with you.
You visited 10 branches of the dungeon, and saw 46 of its levels.
You also visited: Ice Cave and Wizlab.

You collected 9557 gold pieces.
You spent 2872 gold pieces at shops.

Inventory:

Hand Weapons
 O - a +6 rapier of distortion (weapon)
 V - the +4 rapier of Egeom {antimagic, rCorr Int+2}
   (You found it on level 3 of the Vaults)

   Int:       It affects your intelligence (+2).
   rCorr:     It protects you from acid and corrosion.
Missiles
 d - 5 datura-tipped darts (quivered)
 w - a throwing net
 J - 16 poisoned darts
 K - 4 atropa-tipped darts
 M - 4 curare-tipped darts
Armour
 h - a +2 pair of boots of flying (worn)
 i - the +0 pair of gloves of Supple Strength (worn) {rN+ Will+ Slay+3}
   (You found it on level 3 of the Vaults)

   Slay:      It affects your accuracy & damage with ranged weapons and melee
   (+3).
   rN:        It protects you from negative energy.
   Will:      It increases your willpower.
 u - the +2 helmet of Crawling (worn) {rF- rN+ Regen+}
   (You took it off Robin on level 3 of the Dungeon)

   rF:        It makes you vulnerable to fire.
   rN:        It protects you from negative energy.
   Regen:     It increases your rate of health regeneration.
 E - a +2 cloak of stealth (worn)
 I - the +1 leather armour "Burchicko" {+Blink rElec rCorr Int-5}
   (You took it off an orc wizard on level 12 of the Dungeon)

   Int:       It affects your intelligence (-5).
   rElec:     It insulates you from electricity.
   +Blink:    It lets you blink.
   rCorr:     It protects you from acid and corrosion.
 S - the +1 leather armour of Terror (worn) {rN+ Will+ Regen+ Int-2 Dex+4}
   (You found it on level 5 of the Lair of Beasts)

   Int:       It affects your intelligence (-2).
   Dex:       It affects your dexterity (+4).
   rN:        It protects you from negative energy.
   Regen:     It increases your rate of health regeneration.
   Will:      It increases your willpower.
 X - a +5 kite shield of reflection (worn)
 Z - a +2 pair of gloves of stealth
Jewellery
 l - a +4 ring of slaying
 D - the ring of Satyriasis {Fire rN+ Str+5}
   (You found it in a wizard's laboratory)

   [ring of fire]

   It enhances your fire magic.
   Str:       It affects your strength (+5).
   rF:        It protects you from fire.
   rC:        It makes you vulnerable to cold.
   rN:        It protects you from negative energy.
 N - the ring "Kiaj" {Ice Will+}
   (You found it in a wizard's laboratory)

   [ring of ice]

   It enhances your ice magic.
   rF:        It makes you vulnerable to fire.
   rC:        It protects you from cold.
   Will:      It increases your willpower.
 Q - a ring of see invisible (left hand)
 R - a ring of protection from cold
 W - the ring of Conimn (right hand) {Fire Will+ rCorr Str+4}
   (You found it in a wizard's laboratory)

   [ring of fire]

   It enhances your fire magic.
   Str:       It affects your strength (+4).
   rF:        It protects you from fire.
   rC:        It makes you vulnerable to cold.
   rCorr:     It protects you from acid and corrosion.
   Will:      It increases your willpower.
 Y - an amulet of faith (around neck)
Wands
 b - a wand of mindburst (25)
 f - a wand of iceblast (46)
 g - a wand of digging (41)
 t - a wand of flame (56)
 x - a wand of charming (14)
 L - a wand of polymorph (14)
 U - a wand of light (15)
Scrolls
 c - 11 scrolls of fog
 e - 11 scrolls of fear
 j - a scroll of summoning
 y - 3 scrolls of teleportation
 z - 3 scrolls of blinking
 C - 2 scrolls of silence
 F - 2 scrolls of magic mapping
 H - 2 scrolls of brand weapon
Potions
 a - 6 potions of brilliance
 k - 7 potions of attraction
 m - 2 potions of berserk rage
 n - 21 potions of curing
 o - 3 potions of cancellation
 p - 14 potions of mutation
 q - 6 potions of resistance
 r - 6 potions of might
 s - 6 potions of lignification
 v - 6 potions of flight
 A - 5 potions of haste
 G - a potion of magic
 T - 5 potions of ambrosia


   Skills:
 + Level 21.6 Fighting
 - Level 14.0 Short Blades
 + Level 23.1 Dodging
 O Level 27 Stealth
 + Level 15.4 Shields
 + Level 21.6 Invocations


You had 25 spell levels left.
You didn't know any spells.
Your spell library contained the following spells:

 Spells                   Type           Power      Damage    Failure   Level
 Apportation              Tloc           0%         N/A       69%         1
 Beastly Appendage        Tmut           0%         N/A       69%         1
 Foxfire                  Conj/Fire      0%         2x1d4     69%         1
 Freeze                   Ice            0%         1d3       69%         1
 Magic Dart               Conj           0%         1d3       69%         1
 Necrotise                Necr           0%         1d4       69%         1
 Shock                    Conj/Air       0%         1d3       69%         1
 Slow                     Hex            0%         N/A       69%         1
 Sting                    Tmut/Pois      0%         1d3       69%         1
 Summon Small Mammal      Summ           0%         N/A       69%         1
 Call Imp                 Summ           0%         N/A       83%         2
 Ensorcelled Hibernation  Hex/Ice        0%         N/A       83%         2
 Passwall                 Tmut/Erth      0%         N/A       83%         2
 Poisonous Vapours        Pois/Air       0%         N/A       83%         2
 Searing Ray              Conj           0%         2d4       83%         2
 Wereblood                Tmut           0%         N/A       83%         2
 Call Canine Familiar     Summ           0%         N/A       96%         3
 Confusing Touch          Hex            0%         N/A       96%         3
 Dazzling Flash           Conj/Hex       0%         N/A       96%         3
 Frozen Ramparts          Ice            0%         1d1       96%         3
 Hailstorm                Conj/Ice       0%         3d3       96%         3
 Ignite Poison            Fire/Tmut/Pois 0%         N/A       96%         3
 Kindle Blastsparks       Fire/Tloc/Air  0%         2d10      96%         3
 Mephitic Cloud           Conj/Pois/Air  0%         N/A       96%         3
 Portal Projectile        Hex/Tloc       0%         N/A       96%         3
 Spider Form              Tmut/Pois      0%         N/A       96%         3
 Summon Guardian Golem    Hex/Summ       0%         N/A       96%         3
 Swiftness                Air            0%         N/A       96%         3
 Vampiric Draining        Necr           0%         2d6       96%         3
 Airstrike                Air            0%         2d(0-16)  100%        4
 Anguish                  Hex/Necr       0%         N/A       100%        4
 Cause Fear               Hex            0%         N/A       100%        4
 Fulminant Prism          Conj/Hex       0%         3d5       100%        4
 Iskenderun's Mystic Bla  Conj/Tloc      0%         2d3       100%        4
 Leda's Liquefaction      Hex/Erth       0%         N/A       100%        4
 Manifold Assault         Tloc           0%         N/A       100%        4
 Olgreb's Toxic Radiance  Pois           0%         N/A       100%        4
 Petrify                  Tmut/Erth      0%         N/A       100%        4
 Summon Lightning Spire   Summ/Air       0%         N/A       100%        4
 Agony                    Necr           0%         N/A       100%        5
 Fireball                 Conj/Fire      0%         3d3       100%        5
 Freezing Cloud           Conj/Ice/Air   0%         6-21      100%        5
 Iskenderun's Battlesphe  Conj           0%         2d6       100%        5
 Lee's Rapid Deconstruct  Erth           0%         3d4*      100%        5
 Metabolic Englaciation   Hex/Ice        0%         N/A       100%        5
 Summon Forest            Summ/Tloc      0%         N/A       100%        5
 Conjure Ball Lightning   Conj/Air       0%         3x3d6     100%        6
 Dispersal                Tloc           0%         N/A       100%        6
 Eringya's Noxious Bog    Tmut/Pois      0%         N/A       100%        6
 Iron Shot                Conj/Erth      0%         9d1       100%        6
 Starburst                Conj/Fire      0%         6d3       100%        6
 Statue Form              Tmut/Erth      0%         N/A       100%        6
 Dragon Form              Tmut           0%         N/A       100%        7
 Enfeeble                 Hex            0%         N/A       100%        7
 Orb of Destruction       Conj           0%         9d5       100%        7
 Spellforged Servitor     Conj/Summ      0%         N/A       100%        7
 Storm Form               Tmut/Air       0%         N/A       100%        7
 Summon Hydra             Summ           0%         N/A       100%        7
 Discord                  Hex            0%         N/A       100%        8
 Disjunction              Tloc           0%         N/A       100%        8
 Maxwell's Capacitive Co  Air            0%         ∞         100%        8
 Dragon's Call            Summ           0%         N/A       100%        9


Dungeon Overview and Level Annotations

Branches:
Dungeon (15/15)            Temple (1/1) D:7            Lair (5/5) D:9
 Shoals (4/4) Lair:2       Spider (4/4) Lair:2        Slime (5/5) Lair:4
    Orc (2/2) D:12            Elf (3/3) Orc:2        Vaults (4/5) D:13
  Crypt (3/3) Vaults:3       Tomb (0/3) Crypt:3      Depths (0/4) D:15
  IceCv (visited)          WizLab (visited)

Altars:
Ashenzari
Cheibriados
Dithmenos
Elyvilon
Fedhas
Gozag
Hepliaklqana
Kikubaaqudgha
Makhleb
Nemelex Xobeh
Okawaru
Qazlal
Ru
Sif Muna
Trog
Uskayaw
Vehumet
Wu Jian
Xom
Yredelemnul
Zin
The Shining One
Jiyva
Lugonu

Shops:
D:5 *   D:8 [   D:11 (   Orc:2 ([[!   Elf:3 (!:![   Shoals:1 !   Shoals:2 =
Shoals:3 :*   Vaults:1 ((*?(

Portals:
Abyss: Lair:5 Shoals:1

Annotations:
Shoals:4 Bai Suzhen
Spider:3 Roxanne
Vaults:2 1 runed translucent door, Bailed's ghost, veteran MiMo
Abyss:1 Azrael; Donald; drugrobin's ghost, novice DgDe


Innate Abilities, Weirdness & Mutations

You are small and have problems with some larger weapons.
You are completely attuned to the shadows.
Your spells are a little easier to cast, but a little less powerful.


Message History

You kill the slime creature!
Your lungs strain for air!
You block the quicksilver ooze's attack.
The quicksilver ooze completely misses you.
The acid blob spits acid at you. The splash of acid hits you. You resist.
The acid corrodes you! The acid blob spits acid at you.
The splash of acid misses you.
A large slime creature splits.
The quicksilver ooze barely misses you.
You block the quicksilver ooze's attack.
You can now pass through a line of other dancers.
You slip free of the ooze engulfing you.
The quicksilver ooze attacks as you move away!
You block the quicksilver ooze's attack. x2
You gasp with relief as air once again reaches your lungs.
An enormous slime creature splits.
The quicksilver ooze hits you!!
* * * LOW HITPOINT WARNING * * *
The quicksilver ooze engulfs you!
The quicksilver ooze completely misses you.
A red film seems to cover your vision as you go berserk!
You feel yourself moving faster!
You feel mighty!
* * * LOW HITPOINT WARNING * * *
Your lungs strain for air!
The slime creature quivers. x2
You block the azure jelly's attack. x2; The azure jelly completely misses you.
You block the azure jelly's attack. The quicksilver ooze hits you!
* * * LOW HITPOINT WARNING * * *
You block the quicksilver ooze's attack.
The acid blob hits you!
* * * LOW HITPOINT WARNING * * *
You are splashed with acid.
You resist.
* * * LOW HITPOINT WARNING * * *
A large slime creature splits.
Two slime creatures merge to form a large slime creature.
The quicksilver ooze completely misses you. x2
Two slime creatures merge to form a large slime creature.
The azure jelly completely misses you. The azure jelly hits you.
* * * LOW HITPOINT WARNING * * *
The azure jelly freezes you!!!
You feel a terrible chill!
You die... ..........# ..JJG .........### #JJJJ .........## $.JJJ ...........# }?JJJ

.......JJ...#
|[:..
.....J..J...#
:=##.
....JJJ.J....
##
...JJJJJ.....
#.
...J@JJ......
#.
............
#.
...........
.....
..........
.....
.........
..... .....
..


You could see 2 acid blobs, 2 azure jellies, 3 large slime creatures, 6 slime
creatures, a rockslime and 2 quicksilver oozes.

Vanquished Creatures
  the Royal Jelly (Slime:5)
  2 dread liches (Crypt:3)
  Nikola (Shoals:3)
  Arachne (Spider:3)
  An electric golem (WizLab)
  Jorgrun (Shoals:2)
  Zenata (Vaults:1)
  Mlioglotl (Spider:2)
  A tentacled monstrosity (Vaults:1)
  3 deep elf blademasters
  3 liches
  2 deep elf master archers (Elf:3)
  A kraken (Shoals:2)
  9 acid blobs
  3 sphinxes
  4 ancient champions (Crypt:3)
  Polyphemus (Shoals:3)
  A shadow dragon (Vaults:4)
  Kirke (Spider:2)
  3 rockslimes
  2 fire giants (WizLab)
  4 azure jellies (Slime:5)
  8 emperor scorpions
  A ghost moth (Spider:4)
  3 curse skulls
  13 vault wardens
  2 frost giants (WizLab)
  4 deep elf sorcerers (Elf:3)
  2 deep elf elementalists
  18 ironbound preservers
  5 orc warlords
  A ghoul (Vaults:3)
  7 very ugly things
  2 broodmothers (Spider:4)
  2 war gargoyles (Vaults:4)
  10 vampire knights
  10 ironbound thunderhulks
  2 reapers (Crypt:3)
  2 stone giants
  A juggernaut skeleton (Crypt:1)
  4 quicksilver oozes
  6 deep elf demonologists (Elf:3)
  10 dire elephants
  6 deep elf annihilators (Elf:3)
  Nessos (D:13)
  A spark wasp (Spider:2)
  A minotaur (Lair:2)
  7 eidola
  3 crystal guardians (WizLab)
  A mummy priest (Crypt:3)
  15 deep elf death magi
  4 merfolk javelineers
  A fire dragon (D:12)
  7 jiangshi
  3 deep elf high priests
  6 yaktaur captains
  A quicksilver dragon zombie (Crypt:3)
  The ghost of Iich the Fighter, a journeyman DsFi of Okawaru (D:10)
  7 great orbs of eyes
  10 merfolk impalers
  7 entropy weavers
  7 hydras
  2 spriggan zombies
  3 jorogumos (Spider:4)
  10 peacekeepers
  9 vault guards
  An ogre mage (D:15)
  2 radroaches (Spider:3)
  9 ironbound frosthearts
  2 catoblepae
  3 merfolk avatars
  3 merfolk aquamancers
  32 centaur warriors
  10 boulder beetles
  29 dancing weapons
  An anaconda (shapeshifter) (Elf:3)
  8 death knights
  3 vampire magi
  9 death scarabs (Spider:4)
  7 two-headed ogres
  2 tengu warriors
  2 satyrs (Shoals:4)
  3 titan zombies
  A death yak (Shoals:3)
  3 thrashing horrors (Lair:5)
  Urug (D:13)
  An emperor scorpion zombie (Crypt:1)
  2 orc high priests
  9 deep elf knights
  A soul eater (Crypt:3)
  Sonja (Lair:5)
  Nergalle (Orc:1)
  33 skeletal warriors
  5 pharaoh ants
  4 shadow wraiths
  A storm dragon zombie (Crypt:3)
  2 wretched stars (Shoals:1)
  A ghost moth zombie (Crypt:2)
  3 sun moths
  38 deep trolls
  6 sea snakes
  2 flayed ghosts (Crypt:2)
  21 harpies
  12 deep elf archers
  An anaconda skeleton (Crypt:2)
  6 orb spiders
  18 ironbound convokers
  A kraken simulacrum (Shoals:4)
  2 bog bodies (IceCv)
  9 lindwurms
  A lindwurm (shapeshifter) (Lair:5)
  10 phantasmal warriors
  2 spectral wolf spiders (Spider:4)
  A broodmother zombie (Spider:4)
  6 wizards
  6 steelbarb worms
  6 orc knights
  Pikel (D:5)
  21 deep elf zephyrmancers
  5 necromancers
  31 deep elf pyromancers
  38 ugly things
  16 wolf spiders
  5 fauns
  5 orc sorcerers (Orc:2)
  A shadow dragon skeleton (Crypt:2)
  A stone giant zombie (Vaults:4)
  2 salamanders (shapeshifter)
  2 shining eyes
  A cyclops (shapeshifter) (D:13)
  3 salamanders
  10 cyclopes
  An oklob plant (Shoals:2)
  16 manticores
  5 demonic crawlers
  A sphinx skeleton (Crypt:1)
  3 moths of wrath (Spider:4)
  3 black mambas
  20 elephants
  8 merfolk sirens
  An ice statue (IceCv)
  7 water nymphs
  23 vault sentinels
  2 apocalypse crabs (Shoals:1)
  2 molten gargoyles (WizLab)
  4 torpor snails
  A smoke demon (Lair:5)
  A naga skeleton (Crypt:3)
  An alligator snapping turtle zombie (Crypt:1)
  9 gargoyles
  7 cane toads
  An elephant slug zombie (Crypt:3)
  2 hellions (Elf:3)
  9 komodo dragons
  A yaktaur zombie (Vaults:4)
  2 spectral redbacks (Spider:4)
  A catoblepas zombie (Crypt:2)
  24 yaktaurs
  An unseen horror (D:12)
  12 freezing wraiths
  A rime drake (shapeshifter) (D:13)
  A redback zombie (Spider:4)
  3 kobold demonologists
  7 guardian mummies (Crypt:3)
  5 rime drakes
  A black draconian skeleton (Crypt:2)
  An anaconda simulacrum (IceCv)
  4 polar bears
  2 tengu conjurers (D:15)
  11 trolls
  A green draconian skeleton (Crypt:1)
  A human zombie (Vaults:2)
  A polar bear (shapeshifter) (Lair:5)
  3 ancient zymes
  A queen bee (shapeshifter) (D:12)
  34 merfolk
  2 spectral jumping spiders (Spider:4)
  5 wind drakes
  3 meliai (Spider:2)
  2 spectral tarantellas (Spider:4)
  23 tarantellas
  Grinder (D:4)
  A tarantella (shapeshifter) (Elf:1)
  Prince Ribbit (D:5)
  A jumping spider zombie (Spider:4)
  4 tarantella zombies (Spider:4)
  25 blink frogs
  A harpy skeleton (Crypt:3)
  A hornet (D:12)
  A large abomination (Lair:5)
  35 jumping spiders
  16 dream sheep
  A flying skull (Crypt:3)
  12 snapping turtles
  A fire giant simulacrum (Vaults:2)
  49 slime creatures
  An ettin skeleton (Vaults:4)
  Sigmund (D:6)
  2 spriggans (Lair:5)
  A shadow (D:9)
  17 culicivoras
  2 vampires
  10 wraiths
  A centaur simulacrum (D:14)
  An ice dragon skeleton (Crypt:3)
  10 water elementals
  3 wyverns
  29 yaks
  10 fire elementals
  10 small abominations
  A dire elephant simulacrum (IceCv)
  6 basilisks
  A hog (Spider:2)
  2 steam dragons
  Eustachio (D:6)
  3 chaos spawn (Lair:5)
  9 humans (D:13)
  Grum (D:8)
  40 redbacks
  A vampire mosquito (D:11)
  A wind drake skeleton (Crypt:2)
  Menkaure (D:4)
  The ghost of wormed the Ducker, an amateur OpWr (D:4)
  A neqoxec (Shoals:1)
  9 wargs
  3 death yak simulacra (IceCv)
  A naga zombie (Crypt:3)
  5 acid dragons
  An entropy weaver zombie (Crypt:3)
  A swamp worm (shapeshifter) (Vaults:3)
  2 glowing shapeshifter zombies
  4 hydra simulacra (IceCv)
  11 water moccasins
  Duvessa (D:5)
  2 black bears (D:7)
  46 orc warriors
  2 ice beasts (D:6)
  A sky beast (D:8)
  A snapping turtle zombie (Shoals:1)
  13 ogres
  3 wolves (D:8)
  5 boggarts (Vaults:2)
  A lindwurm skeleton (Crypt:2)
  17 centaurs
  2 human skeletons
  2 lemures (D:5)
  A kobold brigand (D:10)
  5 bullfrogs
  A vine stalker zombie (Crypt:1)
  4 necrophages
  2 gnoll sergeants
  2 cane toad simulacra (IceCv)
  2 two-headed ogre simulacra (IceCv)
  3 scorpions
  A warg zombie (Crypt:3)
  3 earth elementals
  3 wights
  A komodo dragon skeleton (Crypt:3)
  A shapeshifter zombie (Crypt:3)
  A water moccasin skeleton (D:4)
  A yak zombie (Crypt:2)
  4 elephant simulacra (IceCv)
  Dowan (D:5)
  An electric eel (Spider:3)
  3 howler monkeys (D:7)
  2 bullfrog zombies (D:4)
  3 hounds
  25 orc priests
  A wolf skeleton (Crypt:2)
  A bullfrog skeleton (Crypt:3)
  4 iguanas
  A scorpion zombie (Crypt:2)
  38 orc wizards
  11 spriggan simulacra (IceCv)
  2 lightning spires (WizLab)
  2 troll simulacra (IceCv)
  4 wolf simulacra (IceCv)
  3 mummies
  A howler monkey zombie (D:4)
  Robin (D:3)
  4 gnolls (D:8)
  7 adders
  7 naga simulacra (IceCv)
  A steam dragon skeleton (Crypt:3)
  A shadow imp (D:5)
  9 white imps
  6 ufetubi
  An adder zombie (Crypt:1)
  2 worms
  3 dart slugs
  109 orcs
  9 ball pythons
  2 bats (D:2)
  8 endoplasms
  7 giant cockroaches
  A gnoll zombie (Crypt:1)
  10 hobgoblins
  4 jackals (D:2)
  4 quokkas
  2 frilled lizards (D:1)
  20 goblins
  A goblin zombie (Crypt:2)
  14 kobolds
  A rat (D:3)
  A river rat skeleton (Crypt:3)
1861 creatures vanquished.

Vanquished Creatures (others)
  An orc knight (Vaults:4)
  A deep elf zephyrmancer (Elf:1)
  A deep elf pyromancer (Elf:1)
  A human (Spider:2)
  A hell hound (D:15)
  12 fungi
  115 plants
  4 tentacles (Shoals:3)
  2 withered plants (Vaults:2)
138 creatures vanquished.

Grand Total: 1999 creatures vanquished

Notes
Turn   | Place    | Note
-------+----------+-------------------------------------------
     0 | D:5      | wormed the Kobold Delver began the quest for the Orb.
     0 | D:5      | Reached XP level 1. HP: 14/14 MP: 1/1
    15 | D:4      | Noticed an iguana
    24 | D:4      | Found an iron altar of Okawaru.
    92 | D:4      | Reached XP level 2. HP: 19/19 MP: 2/2
   134 | D:4      | Reached skill level 7 in Stealth
   134 | D:4      | Reached XP level 3. HP: 24/24 MP: 3/3
   161 | D:4      | Found an ornate altar of the Wu Jian Council.
   221 | D:5      | Reached XP level 4. HP: 29/29 MP: 4/4
   282 | D:4      | Found a transporter.
   282 | D:4      | Noticed wormed's ghost (amateur OpWr)
   357 | D:4      | Noticed Grinder
   361 | D:4      | Noticed a scorpion
   367 | D:4      | Paralysed by Grinder for 3 turns
   609 | D:3      | Found a sacrificial altar of Ru.
   673 | D:3      | Identified the +2 helmet of Crawling {rF- rN+ Regen+}
   673 | D:3      | Noticed Robin
  1066 | D:2      | Reached XP level 5. HP: 30/33 MP: 5/5
  2584 | D:3      | Killed Robin
  3207 | D:4      | Reached XP level 6. HP: 20/39 MP: 6/6
  3294 | D:4      | Found a transporter.
  3324 | D:4      | Noticed Menkaure
  3416 | D:5      | Noticed Pikel
  3486 | D:6      | Reached skill level 8 in Stealth
  3553 | D:6      | Reached skill level 5 in Short Blades
  3557 | D:6      | Noticed an ice beast
  3625 | D:6      | Killed an ice beast
  3626 | D:6      | Reached skill level 5 in Fighting
  3626 | D:6      | Reached XP level 7. HP: 37/44 MP: 7/7
  3642 | D:6      | Noticed Sigmund
  3646 | D:6      | Killed Sigmund
  3647 | D:6      | Reached skill level 5 in Dodging
  3689 | D:6      | Reached skill level 9 in Stealth
  3689 | D:6      | Reached XP level 8. HP: 50/50 MP: 8/8
  3775 | D:6      | Noticed Eustachio
  3779 | D:6      | Killed Eustachio
  4366 | D:5      | Noticed Prince Ribbit
  4408 | D:5      | Killed Prince Ribbit
  4597 | D:5      | Reached XP level 9. HP: 45/56 MP: 9/9
  4610 | D:5      | Noticed Duvessa
  4611 | D:5      | Noticed Dowan
  4612 | D:5      | Killed Duvessa
  4613 | D:5      | Reached skill level 10 in Stealth
  4618 | D:5      | Killed Dowan
  5135 | D:5      | Killed Pikel
  5136 | D:5      | Reached skill level 11 in Stealth
  5159 | D:5      | Found a sparkling altar of Nemelex Xobeh.
  5293 | D:7      | Noticed a two-headed ogre
  5295 | D:7      | Found a staircase to the Ecumenical Temple.
  5297 | D:7      | Killed a two-headed ogre
  5298 | D:7      | Reached XP level 10. HP: 64/64 MP: 10/10
  5303 | Temple   | Entered the Ecumenical Temple
  5424 | Temple   | Became a worshipper of Uskayaw the Reveller
  5453 | D:7      | Reached * piety under Uskayaw
  5528 | D:7      | Reached skill level 1 in Invocations
  5530 | D:7      | Reached ** piety under Uskayaw
  5536 | D:7      | Reached *** piety under Uskayaw
  5802 | D:8      | Noticed Grum
  5813 | D:8      | Reached **** piety under Uskayaw
  5814 | D:8      | Reached skill level 12 in Stealth
  5824 | D:8      | Reached ***** piety under Uskayaw
  5826 | D:8      | Killed Grum
  6102 | D:8      | Found a stormy altar of Qazlal.
  6561 | D:8      | Noticed a cyclops
  6565 | D:8      | Killed a cyclops
  6566 | D:8      | Reached skill level 10 in Short Blades
  6820 | D:8      | Found Evimeri's Superior Scales.
  7017 | D:9      | Found a staircase to the Lair.
  7356 | D:9      | Reached XP level 11. HP: 18/69 MP: 14/14
  7640 | D:9      | Reached skill level 5 in Invocations
  7708 | D:9      | Found an opulent altar of Gozag.
  7708 | D:9      | Found a shimmering altar of Xom.
  8161 | D:10     | Entered Level 10 of the Dungeon
  8179 | D:10     | Found a runed translucent door.
  8315 | D:10     | Noticed a boulder beetle
  8319 | D:10     | Killed a boulder beetle
  8444 | D:10     | Reached skill level 13 in Stealth
  9147 | D:10     | Noticed Iich's ghost (journeyman DsFi)
  9334 | D:5      | Bought a scroll of acquirement for 676 gold pieces
  9334 | D:5      | Acquired 924 gold pieces
  9401 | Lair:1   | Entered Level 1 of the Lair of Beasts
  9474 | Lair:1   | Reached skill level 10 in Dodging
  9587 | Lair:1   | Noticed an elephant
  9647 | Lair:2   | Noticed an elephant
  9648 | Lair:2   | Noticed an elephant
  9648 | Lair:2   | Noticed an elephant
  9648 | Lair:2   | Noticed an elephant
  9677 | Lair:3   | Killed an elephant
  9689 | Lair:3   | Noticed a five-headed hydra
 10121 | Lair:3   | Noticed a boulder beetle
 10290 | Lair:3   | Killed an elephant
 10291 | Lair:3   | Killed an elephant
 10505 | Lair:3   | Killed a five-headed hydra
 10506 | Lair:3   | Reached XP level 12. HP: 64/77 MP: 17/17
 11032 | Lair:2   | Got the Precepts of the Spheres
 11066 | Lair:2   | Reached skill level 10 in Fighting
 11268 | Lair:2   | Found a staircase to the Shoals.
 11314 | Lair:2   | Found a hole to the Spider Nest.
 11564 | Lair:2   | Noticed a seven-headed hydra
 11570 | Lair:2   | Killed a seven-headed hydra
 11585 | Lair:2   | Reached skill level 14 in Stealth
 11729 | Lair:2   | Found a runed translucent door.
 12127 | Lair:2   | Noticed a minotaur
 12130 | Lair:2   | Killed a minotaur
 13104 | D:4      | Killed Grinder
 13250 | D:4      | Killed Menkaure
 13358 | D:4      | Killed wormed's ghost
 13361 | D:4      | Reached XP level 13. HP: 83/83 MP: 20/20
 13580 | D:10     | Killed Iich's ghost
 13581 | D:10     | Reached skill level 10 in Invocations
 14015 | Lair:4   | Found a viscous altar of Jiyva.
 14016 | Lair:4   | Found a staircase to the Slime Pits.
 14755 | Lair:4   | Reached ****** piety under Uskayaw
 14770 | Lair:4   | Reached skill level 15 in Stealth
 14951 | Lair:5   | Entered Level 5 of the Lair of Beasts
 15096 | Lair:5   | Noticed a six-headed hydra
 15100 | Lair:5   | Killed a six-headed hydra
 15248 | Lair:5   | Noticed Sonja
 15252 | Lair:5   | Killed Sonja
 15504 | Lair:5   | Reached XP level 14. HP: 48/91 MP: 22/22
 15557 | Lair:5   | Found a shimmering altar of Xom.
 16199 | Lair:5   | Reached skill level 16 in Stealth
 16388 | Lair:5   | Identified the +1 ring mail of Terror {Slay+6}
 16589 | Lair:5   | Found a corrupted altar of Lugonu.
 16592 | Lair:5   | Found a one-way gate to the infinite horrors of the Abyss.
 16596 | Lair:5   | Identified the +1 leather armour of Terror {rN+ Will+
                  | Regen+ Int-2 Dex+4}
 17330 | D:11     | Found a runed translucent gate.
 17331 | D:11     | Found a runed translucent gate.
 17444 | D:11     | Found Myeng's Hydra Hut.
 17618 | D:11     | Found a runed translucent gate.
 17623 | D:11     | Noticed drugrobin's ghost (novice DgDe)
 17867 | D:11     | Banished drugrobin's ghost
 17875 | D:11     | Identified the +8 war axe "Jaecwu" {flame, Str+4 Dex+3}
 18114 | D:12     | Reached skill level 17 in Stealth
 18152 | D:12     | Reached XP level 15. HP: 45/97 MP: 24/24
 18486 | D:12     | Identified the +1 leather armour "Burchicko" {+Blink rElec
                  | rCorr Int-5}
 18555 | D:12     | Identified the +8 flail of the Lesser Evil {flame, SInv}
 18671 | D:12     | Found the necklace of Bloodlust {Fury *Rage Will++ Int-3
                  | Slay+6}
 18890 | D:12     | Found a staircase to the Orcish Mines.
 19301 | D:13     | Noticed Urug
 19301 | D:13     | Noticed Nessos
 19301 | D:13     | Found a gate to the Vaults.
 19416 | D:13     | Reached skill level 18 in Stealth
 19489 | D:13     | Killed Nessos
 19496 | D:13     | Found a frozen archway.
 19554 | IceCv    | Entered an ice cave
 20525 | D:13     | Killed Urug
 20702 | D:13     | Reached skill level 15 in Dodging
 20785 | D:13     | Identified the +5 dagger of Accidental Termination {vamp,
                  | *Rage rPois rCorr}
 21058 | D:14     | Reached XP level 16. HP: 106/106 MP: 26/26
 21577 | D:14     | Reached skill level 19 in Stealth
 22099 | D:15     | Entered Level 15 of the Dungeon
 22415 | D:15     | Reached skill level 15 in Fighting
 22423 | D:15     | Reached skill level 15 in Invocations
 22424 | D:15     | Noticed an emperor scorpion
 22425 | D:15     | Noticed Azrael
 22432 | D:15     | Banished an emperor scorpion
 22433 | D:15     | Banished Azrael
 22722 | D:15     | Reached XP level 17. HP: 113/113 MP: 28/28
 22837 | D:15     | Found a staircase to the Depths.
 23052 | Orc:1    | Entered Level 1 of the Orcish Mines
 23330 | Orc:1    | Noticed Nergalle
 23334 | Orc:1    | Killed Nergalle
 23384 | Orc:1    | Reached skill level 1 in Shields
 23403 | Orc:1    | You fall into a shaft and drop 1 floor!
 23403 | Orc:2    | Entered Level 2 of the Orcish Mines
 23483 | Orc:2    | Found a radiant altar of Vehumet.
 23498 | Orc:2    | Found a staircase to the Elven Halls.
 23827 | Orc:2    | Found Yjetah's Distillery.
 23846 | Orc:2    | Reached skill level 20 in Stealth
 23921 | Orc:2    | Found Mainexa's Antique Armour Shoppe.
 23936 | Orc:2    | Bought a pair of brightly glowing boots for 275 gold pieces
 23936 | Orc:2    | Identified the +1 pair of boots of the Devil's Advocate
                  | {-Tele rPois Int+5} (You bought it in a shop on level 2 of
                  | the Orcish Mines)
 23936 | Orc:2    | Bought a shadowed robe for 165 gold pieces
 23936 | Orc:2    | Identified the +0 robe "Onaxyhen" {Int+4} (You bought it in
                  | a shop on level 2 of the Orcish Mines)
 23936 | Orc:2    | Bought a warped helmet for 275 gold pieces
 23936 | Orc:2    | Identified the +1 helmet of the Leaf {Str+3} (You bought it
                  | in a shop on level 2 of the Orcish Mines)
 24216 | Orc:2    | Found Xeuqos's Antique Armour Emporium.
 24216 | Orc:2    | Found Usaruwk's Antique Weapon Shoppe.
 24889 | Spider:1 | Entered Level 1 of the Spider Nest
 25571 | Spider:2 | Noticed Kirke
 25576 | Spider:2 | Killed Kirke
 25624 | Spider:2 | Noticed Mlioglotl
 25626 | Spider:2 | Killed Mlioglotl
 26237 | Spider:2 | Reached skill level 5 in Shields
 26739 | Spider:3 | Reached XP level 18. HP: 107/120 MP: 29/29
 26773 | Spider:3 | Noticed Roxanne
 27089 | Spider:3 | Noticed Arachne
 27094 | Spider:3 | Killed Arachne
 27811 | Spider:4 | Entered Level 4 of the Spider Nest
 27904 | Spider:4 | Reached skill level 21 in Stealth
 29193 | Spider:4 | Reached XP level 19. HP: 102/127 MP: 31/31
 29208 | Spider:4 | HP: 5/124 [death scarab (13)]
 29459 | Spider:4 | Got a gossamer rune of Zot
 29653 | Shoals:1 | Entered Level 1 of the Shoals
 30689 | Shoals:1 | Found Tunev's Distillery.
 30693 | Shoals:1 | Bought a potion of heal wounds for 75 gold pieces
 30693 | Shoals:1 | Bought a potion of heal wounds for 75 gold pieces
 30693 | Shoals:1 | Bought a potion of curing for 45 gold pieces
 30693 | Shoals:1 | Bought a potion of heal wounds for 75 gold pieces
 30693 | Shoals:1 | Bought a potion of curing for 45 gold pieces
 30888 | Shoals:1 | Found a runed translucent door.
 30936 | Shoals:1 | Found a corrupted altar of Lugonu.
 31113 | Shoals:2 | Found Umyxirir's Jewellery Boutique.
 31417 | Shoals:2 | Found a white marble altar of Elyvilon.
 32429 | Shoals:3 | Noticed Jorgrun
 32431 | Shoals:3 | Noticed Nikola
 32461 | Shoals:2 | Killed Jorgrun
 32475 | Shoals:3 | Killed Nikola
 32487 | Shoals:3 | Found Satab's General Store.
 32548 | Shoals:3 | Reached skill level 22 in Stealth
 32945 | Shoals:3 | Found Sagry's Book Boutique.
 33071 | Shoals:3 | Noticed Polyphemus
 33075 | Shoals:3 | Killed Polyphemus
 34040 | Shoals:4 | Entered Level 4 of the Shoals
 34322 | Shoals:4 | Reached XP level 20. HP: 134/134 MP: 32/32
 34388 | Shoals:4 | Got a barnacled rune of Zot
 34455 | Shoals:4 | Noticed Bai Suzhen
 36114 | Vaults:1 | Entered Level 1 of the Vaults
 36190 | Vaults:1 | Noticed a tentacled monstrosity
 36192 | Vaults:1 | Killed a tentacled monstrosity
 36343 | Vaults:1 | Noticed Zenata
 36419 | Vaults:1 | Found Daenig's General Store.
 36439 | Vaults:1 | Bought a scroll of enchant armour for 157 gold pieces
 36551 | Vaults:1 | Reached skill level 23 in Stealth
 36643 | Vaults:1 | Found a magical portal.
 36648 | WizLab   | Entered Maxwell's Workshop
 36740 | WizLab   | Identified the ring of Conimn {Fire Will+ rCorr Str+4}
 37886 | WizLab   | Noticed an electric golem
 37887 | WizLab   | Killed an electric golem
 37888 | WizLab   | Reached skill level 10 in Shields
 37897 | WizLab   | Identified the ring "Kiaj" {Ice Will+}
 37929 | WizLab   | Identified the ring of Satyriasis {Fire rN+ Str+5}
 37999 | WizLab   | Reached XP level 21. HP: 141/141 MP: 34/34
 38400 | D:5      | Bought a +1 pair of boots of flying for 214 gold pieces
 38593 | Shoals:3 | Bought a scroll of enchant armour for 105 gold pieces
 39128 | Vaults:1 | Found Esevits's Magic Scroll Shop.
 39133 | Vaults:1 | Bought a scroll of enchant armour for 135 gold pieces
 39133 | Vaults:1 | Bought a scroll of enchant weapon for 135 gold pieces
 39133 | Vaults:1 | Bought a scroll of enchant armour for 135 gold pieces
 39141 | Vaults:1 | Found Bolyk's Antique Weapon Boutique.
 39200 | Vaults:1 | Found Poreomuj's Antique Weapon Emporium.
 39552 | Vaults:1 | Identified the +1 plate armour "Fityaffe" {+Inv rPois rC-
                  | Will+ rCorr}
 39615 | Vaults:1 | Found Odax Isa's Weapon Shoppe.
 40567 | Vaults:2 | Found a runed translucent door.
 40568 | Vaults:2 | Noticed Bailed's ghost (veteran MiMo)
 40731 | Vaults:2 | Reached skill level 24 in Stealth
 41176 | Vaults:2 | Reached XP level 22. HP: 148/148 MP: 35/35
 41712 | Vaults:3 | Found a staircase to the Crypt.
 42347 | Vaults:3 | Identified the +4 rapier of Egeom {antimagic, rCorr Int+2}
 42367 | Vaults:3 | Identified the +0 pair of gloves of Supple Strength {rN+
                  | Will+ Slay+3}
 43043 | Vaults:4 | Identified the +0 leather armour of Bequeathed Lucidity
                  | {*Slow rElec Stlth+}
 43540 | Vaults:4 | Reached XP level 23. HP: 131/156 MP: 36/36
 43837 | Vaults:4 | Reached skill level 25 in Stealth
 44552 | Vaults:1 | Killed Zenata
 44740 | Elf:1    | Entered Level 1 of the Elven Halls
 44757 | Orc:2    | Upgraded the game from 0.30-a0-652-gcc886f7154 to
                  | 0.30-a0-672-gc3a7216ad8
 45082 | Elf:1    | You are sucked into a shaft and drop 1 floor!
 45353 | Elf:2    | Found a runed translucent gate.
 45353 | Elf:2    | Found a runed translucent gate.
 45353 | Elf:2    | Found a runed translucent gate.
 46114 | Elf:1    | Found the +9 staff of Olgreb {rPois∞}
 46429 | Elf:3    | Entered Level 3 of the Elven Halls
 46438 | Elf:3    | Reached XP level 24. HP: 143/163 MP: 37/37
 46495 | Elf:3    | Found Waep's Distillery.
 46890 | Elf:3    | Identified the +10 broad axe "Omumar" {heavy, *Rage Int+4
                  | Dex+3}
 46964 | Elf:3    | Identified the +9 mace of Massacring {freeze, *Corrode
                  | +Blink Int+3 Dex+4}
 47051 | Elf:3    | Found Ticeizo's Antique Armour Shoppe.
 47057 | Elf:3    | Bought a pair of heavily runed gloves for 285 gold pieces
 47057 | Elf:3    | Identified the -1 pair of gloves of Vlad {rC- rN+++ Regen+
                  | MP-9} (You bought it in a shop on level 3 of the Elven
                  | Halls)
 47186 | Elf:3    | Found Urikoitex's Distillery.
 47430 | Elf:3    | Found Teurch's Book Emporium.
 47727 | Elf:3    | Found the +6 arbalest "Damnation" {damnation}
 47752 | Elf:3    | Reached skill level 26 in Stealth
 47817 | Elf:3    | Found Uguetuf's Weapon Shop.
 48268 | Crypt:1  | Entered Level 1 of the Crypt
 49297 | Crypt:2  | Reached XP level 25. HP: 170/170 MP: 37/37
 49461 | Crypt:2  | Noticed Donald
 49464 | Crypt:2  | Banished Donald
 49891 | Crypt:2  | Found a runed translucent door.
 49892 | Crypt:2  | Noticed an ancient lich
 49926 | Crypt:2  | Banished an ancient lich
 49960 | Crypt:3  | Entered Level 3 of the Crypt
 50479 | Crypt:3  | Reached skill level 15 in Shields
 50580 | Crypt:3  | Found the +2 Maxwell's thermic engine {flame, freeze}
 51021 | Crypt:3  | Found a staircase to the Tomb.
 51190 | Crypt:3  | Noticed a dread lich
 51199 | Crypt:3  | Noticed a dread lich
 51202 | Crypt:3  | Killed a dread lich
 51207 | Crypt:3  | Killed a dread lich
 51208 | Crypt:3  | Reached skill level 27 in Stealth
 51215 | Crypt:3  | Identified the +3 rapier of Prudence {holy, Int+7}
 51633 | Slime:1  | Entered Level 1 of the Pits of Slime
 51762 | Slime:2  | You are sucked into a shaft and drop 2 floors!
 51769 | Slime:3  | Gained mutation: You occasionally shout uncontrollably at
                  | your foes. [a shining eye]
 51773 | Slime:3  | Gained mutation: Your body sometimes deteriorates upon
                  | taking damage. [a shining eye]
 51775 | Slime:3  | Lost mutation: Your body sometimes deteriorates upon taking
                  | damage. [potion of mutation]
 51775 | Slime:3  | Lost mutation: You occasionally shout uncontrollably at
                  | your foes. [potion of mutation]
 51775 | Slime:3  | Gained mutation: You are robust. (+10% HP) [potion of
                  | mutation]
 51775 | Slime:3  | Gained mutation: Your spells are a little easier to cast,
                  | but a little less powerful. [potion of mutation]
 51775 | Slime:3  | Lost mutation: You are robust. (+10% HP) [potion of
                  | mutation]
 52364 | Slime:5  | Entered Level 5 of the Pits of Slime
 52465 | Slime:5  | Noticed the Royal Jelly
 52470 | Slime:5  | Found a viscous altar of Jiyva.
 52473 | Slime:5  | Killed the Royal Jelly
 52506 | Slime:5  | Reached XP level 26. HP: 144/178 MP: 28/37
 52538 | Slime:5  | Annihilated by an azure jelly

Illustrated notes

Levels and vault maps discovered:
D:1:      lightli_arrival_isolated_outpost, layout_basic
D:2:      layout_rooms, guppyfry_early_orc_mine
D:3:      layout_loops_corners, mainiacjoe_overflow_24_doors, uniq_robin
D:4:      layout_gridville, okawaru_trees_1, gammafunk_ghost_mausoleum,
          minmay_ruined_shrine, uniq_grinder, uniq_menkaure
D:5:      layout_basic, nemelex_spade_bored_becter, portal_sewer_entry_f,
          nicolae_stop_n_shop_1, uniq_pikel, uniq_prince_ribbit1, uniq_duvessa
D:6:      layout_basic, chequers_avenue, uniq_eustachio, uniq_sigmund
D:7:      layout_rooms, minmay_temple_entry_statues_fountains
D:8:      layout_layer_cave, grunt_qazlal_clouds, hellmonk_scale_shop, uniq_grum
D:9:      layout_basic, chequers_temple_overflow_statue_of_worship,
          lair_entry_dummy, dreamdust_princess_bridge
D:10:     layout_roguey, ebering_ghost_reflecting_pool, enter_bailey_5,
          grunt_ministairs_13
D:11:     layout_gridville, gammafunk_ghost_split, doesnt_shop_hydraphobe
D:12:     minmay_the_grid_square_5x5_5x5_mashed
          [minmay_the_grid_square_5x5_forky, minmay_the_grid_square_5x5_n_small,
          minmay_the_grid_square_5x5_shrine1,
          minmay_the_grid_square_5x5_misaligned,
          minmay_the_grid_square_5x5_minimal, minmay_the_grid_square_5x5_lines,
          minmay_the_grid_square_5x5_prize_itemx,
          minmay_the_grid_square_5x5_inverted_slash,
          minmay_the_grid_square_5x5_prize_rear_guard,
          minmay_the_grid_square_5x5_inner_v,
          minmay_the_grid_square_5x5_inner_z,
          minmay_the_grid_square_5x5_intrusive_squares,
          minmay_the_grid_square_5x5_prize_deathbox,
          minmay_the_grid_square_5x5_three_small,
          minmay_the_grid_square_5x5_eight_small,
          minmay_the_grid_square_5x5_almost_minimal,
          minmay_the_grid_square_5x5_prize_pseudospiral,
          minmay_the_grid_square_5x5_two_walls_a,
          minmay_the_grid_square_5x5_prize_junk, minmay_the_grid_square_5x5_two,
          minmay_the_grid_square_5x5_percent,
          minmay_the_grid_square_5x5_beaten_path,
          minmay_the_grid_square_5x5_tie, minmay_the_grid_square_5x5_z,
          minmay_the_grid_square_5x5_tetrominoes], layout_irregular_city,
          david_orc_4, nooodl_orcs_dogs
D:13:     layout_basic, david_vaults_3, portal_ice_cave_rime,
          minmay_mirror_moons_of_madness
D:14:     minmay_polygon_palace, layout_small_grid
D:15:     hangedman_depths_entry_try_elsewhere_first, layout_long_grid,
          minmay_misc_feat_iff, uniq_azrael
Temple:   nicolae_temple_superstar
Lair:1:   layout_roguey, grunt_forest_stairs_basic
Lair:2:   dreamdust_labyrinth, layout_regular_city, elwin_shoals_entry_rooms,
          spider_nest_entry_a, grunt_forest_small_clearing_treed,
          grunt_megastairs_4
Lair:3:   layout_layer_cave, serial_rivers, chequers_serial_rivers_micro_b,
          chequers_serial_rivers_large_b, chequers_serial_rivers_micro_b,
          chequers_serial_rivers_small_a, grunt_megastairs_3
Lair:4:   layout_cave_pods, slime_entry_1
Lair:5:   hellmonk_lair_end_abyssal_woods, layout_regular_city, basic_altar,
          grunt_megastairs_2, uniq_sonja
Shoals:1: layout_shoals, serial_shops, nicolae_shop_hallway_stairs,
          nicolae_shoals_abyss_on_the_beach
Shoals:2: layout_shoals, minmay_shop_enchanted_jewellery, lemuel_oklob_altar
Shoals:3: layout_shoals, serial_shops, nicolae_take_the_stairs, shop_fountains,
          uniq_polyphemus, uniq_nikola, uniq_jorgrun
Shoals:4: shoals_end_grunt_ice, layout_shoals, uniq_bai_suzhen
Spider:1: layout_spider_delve
Spider:2: layout_cave_pods, hangedman_spider_tarantella_strand, uniq_mlioglotl,
          uniq_kirke
Spider:3: layout_spider_delve, drop_trap, nicolae_spider_cling_halls,
          uniq_arachne, uniq_roxanne
Spider:4: floodkiller_spider_rune_tomb, nicolae_spider_jagged_tunnels
Slime:1:  layout_caves
Slime:2:  layout_caves
Slime:3:  layout_caves
Slime:4:  layout_caves
Slime:5
Orc:1:    layout_caves, mines2_lemuel, uniq_nergalle
Orc:2:    grunt_orc_community_town_hall, layout_diamond_mine,
          grunt_orc_community_big_house_2, grunt_orc_community_big_house_1,
          grunt_orc_community_house_2, grunt_orc_community_house_2,
          grunt_orc_community_house_3, grunt_orc_community_house_2, basic_altar
Elf:1:    minmay_elf_arrival_circle, layout_geoelf_grid,
          hangedman_elven_crosses_minicolossus
Elf:2:    elven_hall_of_blades_hangedman_original [nicolae_blade_bullseye],
          layout_geoelf_diagonals
Elf:3:    grunt_elf_hall_spiral, layout_loops_corners, serial_shops, shop,
          nicolae_shop_temple_entry_statues_fountains, nicolae_lakefront_shop,
          nicolae_diamond_shop, shop, hellmonk_guarded_unrand_damnation
Vaults:1: mu_enter_wizlab_2, nicolae_vaults_c_with_doors,
          vaults_room_ringed_pool, vaults_mumra_minichess,
          hangedman_vaults_corner, vaults_room_large_hall,
          dpeg_vaults_monster_box, nicolae_vaults_network_quinsquares
          [nicolae_vaults_network_quincunx_subvault,
          nicolae_vaults_network_quincunx_subvault,
          nicolae_vaults_network_quincunx_subvault,
          nicolae_vaults_network_quincunx_subvault],
          nicolae_vaults_little_squares_5, nicolae_vaults_mini_display_case,
          layout_vaults_omnigrid, serial_shops, shop_fountains, shop, shop,
          shop, shop, uniq_zenata
Vaults:2: gammafunk_ghost_grave, vaults_mumra_minichess_inversion,
          vaults_room_door_hall, nicolae_vaults_circle_grid_a,
          nicolae_vaults_big_ls, hangedman_vaults_cutoff, vaults_dpeg_hooks,
          nicolae_vaults_circle_grid_b, nicolae_vaults_rhombus_6,
          nicolae_vaults_alarming, nicolae_vaults_little_squares_6,
          layout_vaults_ring
Vaults:3: nicolae_vaults_little_squares_6, v_misc_27, vaults_dpeg_spiral,
          minmay_crypt_entry_simple_statues, hangedman_vaults_stitches,
          ontoclasm_vaults_decontamination, v_misc_27,
          vaults_dpeg_emergency_exit, vaults_mumra_hexcomb, v_misc_29, st_cells,
          layout_vaults_omnibox
Vaults:4: v_misc_4, nicolae_vaults_little_squares_1, v_misc_19, v_rooms_3,
          nicolae_vaults_know_your_exits, ontoclasm_vaults_ligature,
          hangedman_vaults_hat, v_rooms_2, v_pattern_3, v_misc_30,
          nicolae_vaults_little_squares_3, layout_vaults_omnicross
Crypt:1:  layout_misc_corridors, lemuel_upstairs_altar
Crypt:2:  cheibrodos_crypt_cold_storage, layout_regular_city, uniq_donald
Crypt:3:  david_glass_crypt, layout_gridlike, tomb_entry_sphere_bobbens,
          tombwall_bobbens

Skill      XL: |  1  2  3  4  5  6  7  8  9 10 11 12 13 14 15 16 17 18 19 20 21 22 23 24 25 |
---------------+----------------------------------------------------------------------------+-----
Short Blades   | 3 4 5 6 7 9 10 11 12 13 14 | 14.0
Dodging        | 3 4 5 6 8 9 10 11 12 13 15 16 17 18 19 20 21 22 23 | 23.1
Stealth        | 7 8 9 11 12 13 14 15 17 18 19 20 21 22 23 24 25 26 27 | 27.0
Fighting       | 4 5 6 8 9 10 11 12 14 15 16 17 18 19 20 21 | 21.6
Invocations    | 4 7 9 11 12 14 15 16 17 18 19 20 21 | 21.6
Shields        | 5 7 9 10 11 12 13 14 15 | 15.4

Action                   |  1- 3 |  4- 6 |  7- 9 | 10-12 | 13-15 | 16-18 | 19-21 | 22-24 | 25-27 || total
-------------------------+-------+-------+-------+-------+-------+-------+-------+-------+-------++-------
Melee: Short sword       |    21 |    76 |       |       |       |       |       |       |       ||    97
       Dagger            |       |   281 |     4 |       |       |       |       |       |       ||   285
       Punch             |       |     4 |     5 |     6 |    15 |     4 |       |       |       ||    34
       Rapier            |       |       |   241 |   535 |  1168 |  1191 |  1135 |  1161 |   430 ||  5861
Throw: Dart              |       |       |       |       |       |     8 |    14 |     2 |       ||    24
       Throwing net      |       |       |       |       |       |       |     7 |     2 |       ||     9
Invok: Line Pass         |       |       |       |     4 |     1 |     3 |     5 |       |       ||    13
       Grand Finale      |       |       |       |       |     1 |     3 |     1 |     5 |     3 ||    13
       Stomp             |       |       |       |       |       |       |     1 |       |       ||     1
Evoke: Wand              |       |       |     3 |     2 |       |       |       |       |       ||     5
  Use: Scroll            |     1 |     9 |     6 |    11 |    13 |     1 |    21 |     6 |     2 ||    70
       Potion            |       |     2 |     1 |     3 |       |     2 |    13 |     6 |     3 ||    30
 Stab: Sleeping          |     4 |    30 |    12 |    52 |    58 |   108 |   126 |   133 |    48 ||   571
       Distracted        |       |     1 |     1 |     3 |    15 |     9 |    13 |    16 |     4 ||    62
       Paralysed         |       |       |       |    30 |    81 |   112 |    92 |    90 |    38 ||   443
       Confused          |       |       |       |     3 |     2 |     3 |     5 |       |       ||    13
       Invisible         |       |       |       |       |       |     5 |     1 |     2 |     1 ||     9
       Held in net/web   |       |       |       |       |       |       |     2 |     3 |       ||     5
Armor: Leather armour    |       |    67 |    46 |    66 |    97 |    88 |    78 |    50 |    16 ||   508
       Ring mail         |       |       |       |       |    17 |       |       |       |       ||    17
Dodge: Dodged            |    11 |   190 |   171 |   410 |   681 |  1069 |   864 |   587 |   229 ||  4212
Block: Buckler           |       |       |       |       |       |   214 |   296 |       |       ||   510
       Kite shield       |       |       |       |       |       |       |   140 |   702 |   261 ||  1103
       Reflection        |       |       |       |       |       |       |     8 |    70 |     4 ||    82

Table legend: (Time is in decaauts)
 A = Elapsed time spent in this place.
 B = Non-inter-level travel time spent in this place.
 C = Inter-level travel time spent in this place.
 D = Time resting spent in this place.
 E = Time spent auto-exploring this place.
 F = Levels seen in this place.
 G = Mean time per level.
                   A        B        C        D        E       F      G
               +--------+--------+--------+--------+--------+-----+--------+
         Total |  50267 |  45557 |   4710 |    214 |  33866 |  48 | 1047.2 |
       Dungeon |  15344 |  13223 |   2121 |     31 |  10214 |  15 | 1022.9 |
        Temple |    135 |    123 |     12 |      0 |     97 |   1 |  135.0 |
          Lair |   7044 |   6179 |    865 |      0 |   5167 |   5 | 1408.8 |
        Shoals |   6197 |   5915 |    282 |      0 |   4533 |   4 | 1549.2 |
   Spider Nest |   4526 |   4072 |    454 |      5 |   2811 |   4 | 1131.5 |
    Slime Pits |    861 |    861 |      0 |      0 |    634 |   5 |  172.2 |
  Orcish Mines |   1753 |   1470 |    283 |      0 |   1038 |   2 |  876.5 |
   Elven Halls |   3141 |   3063 |     78 |      0 |   2193 |   3 | 1047.0 |
        Vaults |   6278 |   5805 |    473 |     98 |   3955 |   4 | 1569.5 |
         Crypt |   2889 |   2751 |    138 |      0 |   1945 |   3 |  963.0 |
      Ice Cave |    807 |    807 |      0 |      0 |    557 |   1 |  807.0 |
        Wizlab |   1288 |   1288 |      0 |     80 |    719 |   1 | 1288.0 |
               +--------+--------+--------+--------+--------+-----+--------+

Top non-repeatable levels by time:
Vaults:1: 2164 daAuts
  Lair:5: 1923 daAuts
    D:12: 1762 daAuts
Shoals:4: 1726 daAuts
Spider:4: 1717 daAuts
Shoals:3: 1615 daAuts
   Elf:3: 1517 daAuts
Shoals:1: 1492 daAuts
     D:3: 1438 daAuts
Vaults:3: 1432 daAuts
  Lair:3: 1418 daAuts
  Lair:2: 1412 daAuts
    D:10: 1401 daAuts
     D:9: 1383 daAuts
Vaults:4: 1376 daAuts
